 Dungeon Crawl Stone Soup version 0.17.1-3-g152610e (webtiles) character file.

45 Zhenya25pyc the Sneak (level 3, -10/27 HPs)
             Began as a Vampire Assassin on Mar 30, 2016.
             Was an Initiate of Qazlal.
             Killed by divine providence
             ... invoked by an orc priest
              (11 damage)
             ... on level 3 of the Dungeon.
             The game lasted 00:10:13 (1508 turns).

Zhenya25pyc the Sneak (Vampire Assassin)            Turns: 1508, Time: 00:10:13

Health: -10/27     AC:  9    Str: 10      XL:     3   Next: 42%
Magic:  3/3        EV: 10    Int: 14      God:    Qazlal [......]
Gold:   149        SH:  0    Dex: 13 (15) Spells: 0 memorised, 2 levels left

rFire  . . .     SeeInvis +     c - +0 short sword
rCold  + + .     Clarity  .     y - +1 ring mail {rC+}
rNeg   + + .     SustAt   .     (no shield)
rPois  +         Gourm    .     r - +0 helmet
rElec  .         Spirit   .     d - +0 cloak
rCorr  .         Warding  .     A - +0 pair of gloves
rMut   +         Stasis   .     (no boots)
MR     .....                    t - amulet of resist mutation
Stlth  +++.......               (no ring)
                                (no ring)

@: lethally poisoned (-10 -> -18), regenerating slowly, not resistant to hostile
enchantments, fairly stealthy
A: fangs 3, see invisible, unbreathing
a: Bat Form, Renounce Religion


You were on level 3 of the Dungeon.
You worshipped Qazlal.
Qazlal was noncommittal.
You were thirsty.

You visited 1 branch of the dungeon, and saw 3 of its levels.

You collected 149 gold pieces.

Inventory:

Hand Weapons
 a - a +2 dagger
 c - a +0 short sword (weapon)
 C - a +0 club
 D - a +0 falchion
Missiles
 e - 25 poisoned needles (quivered)
 f - 2 curare-tipped needles
 n - 5 poisoned bolts
 s - 19 bolts
Armour
 d - a +0 cloak (worn)
 o - a +0 pair of gloves
 p - a +3 scale mail
 r - a +0 helmet (worn)
 y - a +1 ring mail of cold resistance (worn)
 A - a +0 pair of gloves (worn)
Jewellery
 t - an amulet of resist mutation (around neck)
Scrolls
 b - a scroll of random uselessness {unknown}
 h - 5 scrolls of remove curse
 i - a scroll of teleportation {unknown}
 j - a scroll of immolation {unknown}
 l - 2 scrolls of identify {unknown}
 w - 2 scrolls of amnesia {unknown}
Potions
 g - 12 potions of blood
 k - 2 potions of resistance {unknown}
 m - a potion of curing {unknown}
 x - a potion of might {unknown}
 z - a potion of poison {unknown}
Comestibles
 q - a meat ration
 v - a beef jerky
 B - a bread ration


   Skills:
 + Level 2.0 Fighting
 + Level 2.6 Short Blades
   Level 0.3 Axes
 + Level 1.7 Throwing
 + Level 0.1 Armour
 + Level 1.5 Dodging
 + Level 6.8 Stealth


You had 2 spell levels left.
You didn't know any spells.

Dungeon Overview and Level Annotations

Branches:
Dungeon (3/15)

Altars:
Fedhas
Qazlal


Innate Abilities, Weirdness & Mutations

You heal slowly.
You have razor-sharp teeth.
You have supernaturally acute eyesight.
You can survive without breathing.


Message History

You completely miss the adder.
The adder is almost dead.
The orc priest invokes the aid of Beogh against you.
Something smites you!
* * * LOW HITPOINT WARNING * * *
The adder completely misses you.
You barely miss the adder.
The adder is almost dead.
The adder bites you but does no damage. The adder bites you.
* * * LOW HITPOINT WARNING * * *
You are lethally poisoned!
The adder poisons you!
* * * LOW HITPOINT WARNING * * *
You feel sick.
* * * LOW HITPOINT WARNING * * *
You feel sick.
The orc priest invokes the aid of Beogh against you.
Something smites you!
You die...

#PPPPP.#≈≈..#
#PP_..).._≈##
#.PPPP.≈≈#≈.# #
##.PP...^.^##########...#
#####.######.......<....
#........#######....
########.# # #.# #@# #S#
#.# #o# #o# #.# #o# # #)#
.# #.# #####..#..


You could see an orc priest, an orc wizard (invisible), an adder and an orc.

Vanquished Creatures
  An adder (D:2)
  An orc (D:3)
  A ball python (D:3)
  A giant cockroach (D:1)
  4 goblins
  6 hobgoblins
  2 kobolds
  A quokka (D:2)
  3 bats (D:1)
  7 giant newts
  9 rats
36 creatures vanquished.

Notes
Turn   | Place    | Note
--------------------------------------------------------------
     0 | D:1      | Zhenya25pyc the Vampire Assassin began the quest for the Orb.
     0 | D:1      | Reached XP level 1. HP: 16/16 MP: 1/1
    22 | D:1      | Reached skill level 6 in Stealth
   334 | D:1      | Reached XP level 2. HP: 22/22 MP: 2/2
   965 | D:2      | Reached XP level 3. HP: 22/27 MP: 3/3
  1389 | D:3      | Found a blossoming altar of Fedhas.
  1391 | D:3      | Found a stormy altar of Qazlal.
  1409 | D:3      | Became a worshipper of Qazlal Stormbringer
  1508 | D:3      | HP: 1/27 [poisoned by an adder]
  1508 | D:3      | Killed from afar by an orc priest

Action                   || total
-------------------------++-------
Melee: Dagger            ||    71
       Hand axe          ||    13
       Short sword       ||    49
  Use: Potion            ||     2
       Scroll            ||     1
 Stab: Sleeping          ||     3
